AAA EAST
SYRACUSE CHIEFS @ INDIANAPOLIS INDIANS
07/17/2041
 
TOP OF THE 1ST
Syracuse Chiefs batting - Pitching for Indianapolis Indians : RHP Sam Jiménez
Pitching: RHP Sam Jiménez
Batting: RHB Jim George 0-0: Called Strike
0-1: Ball
1-1: Called Strike
1-2: Foul Ball, location: 5F
1-2: Foul Ball, location: 9LSF
1-2: Ball
2-2: Strikes out swinging
Batting: RHB César Ortíz 0-0: Called Strike
0-1: Called Strike
0-2: Ball
1-2: Ball
2-2: Ball
3-2: Base on Balls
Batting: LHB Dan Chipman 0-0: Called Strike
0-1: Ball
1-1: Foul Ball, location: 2F
1-2: Ball
2-2: DOUBLE (Flyball, 8RXD, EV 105.6 MPH)
César Ortíz to third
Runner from 3rd tries for Home, SAFE, no throw by CF
Batting: LHB Lauro Malaparte 0-0: Foul Ball, location: 5DF
0-1: Swinging Strike
0-2: Foul Ball, location: 2F
0-2: Foul Ball, location: 2F
0-2: Ball
1-2: Ball
2-2: Strikes out swinging
Batting: SHB Jim Fullen 0-0: Fly out, F8 (Flyball, 78S, EV 93.8 MPH)
Top of the 1st over - 1 run, 1 hit, 0 errors, 1 left on base; Syracuse 1 - Indianapolis 0
BOTTOM OF THE 1ST
Indianapolis Indians batting - Pitching for Syracuse Chiefs : RHP Jeff Kennedy
Pitching: RHP Jeff Kennedy
Batting: RHB Steve Jenkins 0-0: Ball
1-0: Swinging Strike
1-1: Ground out 5-3 (Groundball, 5, EV 106.3 MPH)
Batting: RHB Johnny Owen 0-0: Ball
1-0: Called Strike
1-1: Ball
2-1: Ball
3-1: Called Strike
3-2: SINGLE (Line Drive, 78S, EV 100.0 MPH)
Batting: LHB Mal Reed 0-0: Foul Ball, location: 3FF
0-1: Ball
1-1: Ball
2-1: Ball
3-1: SINGLE (Groundball, 23, EV 65.0 MPH) (infield hit)
Johnny Owen to second
Batting: RHB Mal Williamson 0-0: Called Strike
0-1: Foul Ball, location: 2F
0-2: Ball
1-2: Foul Ball, location: 2F
1-2: Ball
Wild Pitch!
Johnny Owen to third
Mal Reed to second
2-2: Foul Ball, location: 9LSF
2-2: Strikes out swinging
Batting: RHB César Otero 0-0: Ball
1-0: TRIPLE (Line Drive, 9D, EV 100.0 MPH)
Johnny Owen scores
Mal Reed scores
Batting: LHB Jesús Benavidez 0-0: Ball
1-0: SINGLE (Line Drive, 78S, EV 101.3 MPH)
César Otero scores
Batting: SHB Elvis Lang 0-0: Ball
1-0: Ball
2-0: Foul Ball, location: 5F
2-1: Called Strike
2-2: Ball
3-2: Reached via error on a dropped throw from 3B, E3 (Groundball, 25, EV 86.3 MPH)
Jesús Benavidez to second
Batting: RHB Benny Williams 0-0: SINGLE (Groundball, 6MD, EV 98.1 MPH)
Jesús Benavidez to third
Elvis Lang to second
Batting: RHB Lance Egberts 0-0: Ball
1-0: Swinging Strike
1-1: GRAND SLAM HOME RUN (Flyball, 7D, EV 103.1 MPH), Distance : 409 ft
Batting: RHB Steve Jenkins 0-0: Called Strike
0-1: Swinging Strike
0-2: Strikes out looking
Bottom of the 1st over - 7 runs, 6 hits, 1 error, 0 left on base; Syracuse 1 - Indianapolis 7
TOP OF THE 2ND
Syracuse Chiefs batting - Pitching for Indianapolis Indians : RHP Sam Jiménez
Batting: SHB Juan Castro 0-0: Foul Ball, location: 2F
0-1: Called Strike
0-2: Strikes out looking
Batting: RHB Luis Camacho 0-0: Ball
1-0: Called Strike
1-1: Ball
2-1: Ball
3-1: Ground out 5-3 (Groundball, 5L, EV 91.3 MPH)
Batting: LHB Bob Lester 0-0: Ball
1-0: Ball
2-0: Ball
3-0: Fly out, F7 (Flyball, 78M, EV 83.1 MPH)
Top of the 2nd over - 0 runs, 0 hits, 0 errors, 0 left on base; Syracuse 1 - Indianapolis 7
BOTTOM OF THE 2ND
Indianapolis Indians batting - Pitching for Syracuse Chiefs : RHP Jeff Kennedy
Batting: RHB Johnny Owen 0-0: Called Strike
0-1: Ball
1-1: Swinging Strike
1-2: SINGLE (Groundball, 34D, EV 100.6 MPH)
Batting: LHB Mal Reed 0-0: Ball
1-0: Called Strike
1-1: Ball
2-1: Grounds into double play, 4-6-3 (Groundball, 4, EV 81.3 MPH)
Batting: RHB Mal Williamson 0-0: Swinging Strike
0-1: Ball
1-1: Ball
2-1: Fly out, F8 (Line Drive, 8LD, EV 103.8 MPH)
Bottom of the 2nd over - 0 runs, 1 hit, 0 errors, 0 left on base; Syracuse 1 - Indianapolis 7
TOP OF THE 3RD
Syracuse Chiefs batting - Pitching for Indianapolis Indians : RHP Sam Jiménez
Batting: RHB Pete Lindsay 0-0: Foul Ball, location: 5F
0-1: Ball
1-1: Ball
2-1: Ball
3-1: Base on Balls
Batting: RHB Jim George 0-0: Ball
1-0: Called Strike
1-1: Ball
Pete Lindsay is caught stealing 2nd base 2-4
2-1: SINGLE (Line Drive, 6MD, EV 96.3 MPH)
Batting: RHB César Ortíz 0-0: Ball
1-0: Called Strike
1-1: SINGLE (Flyball, 3D, EV 97.5 MPH)
Jim George to second
Batting: LHB Dan Chipman 0-0: 3-RUN HOME RUN (Flyball, 9D, EV 91.9 MPH), Distance : 351 ft
Batting: LHB Lauro Malaparte 0-0: SINGLE (Line Drive, 78S, EV 105.0 MPH)
Batting: SHB Jim Fullen 0-0: Ball
1-0: Called Strike
Lauro Malaparte steals 2nd base
1-1: SINGLE (Groundball, 56D, EV 95.6 MPH)
Lauro Malaparte to third
Runner from 3rd tries for Home, SAFE, throw by LF to home
Pitching: RHP César Gutiérrez
Batting: SHB Juan Castro 0-0: Foul Ball, location: 3SF
0-1: Reached on error, E5 (Groundball, 5, EV 82.5 MPH)
Jim Fullen to second
Batting: RHB Luis Camacho 0-0: Foul Ball, location: 3F
0-1: Ball
1-1: Ball
2-1: Ball
3-1: Foul Ball, location: 9LDF
3-2: Strikes out looking
Batting: LHB Bob Lester 0-0: Called Strike
0-1: Foul Ball, location: 2F
0-2: Ball
1-2: Ground out U3 (Groundball, 3, EV 92.5 MPH)
Top of the 3rd over - 4 runs, 5 hits, 1 error, 2 left on base; Syracuse 5 - Indianapolis 7
BOTTOM OF THE 3RD
Indianapolis Indians batting - Pitching for Syracuse Chiefs : RHP Jeff Kennedy
Batting: RHB César Otero 0-0: Called Strike
0-1: Ball
1-1: Fly out, F7 (Flyball, 7S, EV 87.5 MPH)
Batting: LHB Jesús Benavidez 0-0: Ball
1-0: Ground out 6-3 (Groundball, 6, EV 90.0 MPH)
Batting: SHB Elvis Lang 0-0: Called Strike
0-1: Foul Ball, location: 7LMF
0-2: Ball
1-2: SINGLE (Flyball, 78S, EV 89.4 MPH)
Pitching: RHP Steve Stallings
Batting: RHB Benny Williams 0-0: Ball
1-0: Called Strike
1-1: Fly out, F8 (Flyball, 89XD, EV 108.1 MPH)
Bottom of the 3rd over - 0 runs, 1 hit, 0 errors, 1 left on base; Syracuse 5 - Indianapolis 7
TOP OF THE 4TH
Syracuse Chiefs batting - Pitching for Indianapolis Indians : RHP César Gutiérrez
Batting: RHB Pete Lindsay 0-0: Ground out 6-3 (Groundball, 6S, EV 70.6 MPH)
Batting: RHB Jim George 0-0: Called Strike
0-1: Ground out 6-3 (Groundball, 6, EV 80.6 MPH)
Batting: RHB César Ortíz 0-0: Called Strike
0-1: Ground out 6-3 (Groundball, 6, EV 86.9 MPH)
Top of the 4th over - 0 runs, 0 hits, 0 errors, 0 left on base; Syracuse 5 - Indianapolis 7
BOTTOM OF THE 4TH
Indianapolis Indians batting - Pitching for Syracuse Chiefs : RHP Steve Stallings
Batting: RHB Lance Egberts 0-0: Swinging Strike
0-1: Foul Ball, location: 2F
0-2: Strikes out swinging
Batting: RHB Steve Jenkins 0-0: Ball
1-0: Called Strike
1-1: Foul Ball, location: 5FF
1-2: SINGLE (Line Drive, 78S, EV 88.8 MPH)
Batting: RHB Johnny Owen 0-0: Ball
Steve Jenkins steals 2nd base
1-0: Swinging Strike
1-1: Ball
2-1: Fly out, F8 (Line Drive, 78M, EV 91.9 MPH)
Batting: LHB Mal Reed 0-0: Ball
1-0: Ball
2-0: Swinging Strike
2-1: Fly out, F7 (Flyball, 7D, EV 110.0 MPH)
Bottom of the 4th over - 0 runs, 1 hit, 0 errors, 1 left on base; Syracuse 5 - Indianapolis 7
TOP OF THE 5TH
Syracuse Chiefs batting - Pitching for Indianapolis Indians : RHP César Gutiérrez
Batting: LHB Dan Chipman 0-0: Ball
1-0: Ground out 2-3 (Groundball, 2L, EV 63.8 MPH)
Batting: LHB Lauro Malaparte 0-0: Ball
1-0: Ball
2-0: Fly out, F9 (Line Drive, 9, EV 85.6 MPH)
Batting: SHB Jim Fullen 0-0: Foul Ball, location: 2F
0-1: Ball
1-1: Called Strike
1-2: Ball
2-2: Strikes out swinging
Top of the 5th over - 0 runs, 0 hits, 0 errors, 0 left on base; Syracuse 5 - Indianapolis 7
BOTTOM OF THE 5TH
Indianapolis Indians batting - Pitching for Syracuse Chiefs : RHP Steve Stallings
Batting: RHB Mal Williamson 0-0: Called Strike
0-1: Ball
1-1: Foul Ball, location: 23F
1-2: Fly out, F7 (Flyball, 7S, EV 81.9 MPH)
Batting: RHB César Otero 0-0: Ground out 2-3 (Groundball, 15S, EV 71.3 MPH)
Batting: LHB Jesús Benavidez 0-0: Ground out 5-3 (Groundball, 5, EV 106.9 MPH)
Bottom of the 5th over - 0 runs, 0 hits, 0 errors, 0 left on base; Syracuse 5 - Indianapolis 7
TOP OF THE 6TH
Syracuse Chiefs batting - Pitching for Indianapolis Indians : RHP César Gutiérrez
Batting: SHB Juan Castro 0-0: Ball
1-0: Ball
2-0: Foul Ball, location: 2F
2-1: Foul Ball, location: 2F
2-2: Ground out 6-3 (Groundball, 6, EV 80.6 MPH)
Batting: RHB Luis Camacho 0-0: Ball
1-0: Called Strike
1-1: Ball
2-1: Ball
3-1: Foul Ball, location: 2F
3-2: Base on Balls
Batting: LHB Bob Lester 0-0: Ball
1-0: Swinging Strike
1-1: Foul Ball, location: 2F
1-2: Ball
2-2: Strikes out swinging
Batting: RHB Pete Lindsay 0-0: Called Strike
0-1: Swinging Strike
0-2: Fly out, F8 (Flyball, 8RXD, EV 110.0 MPH)
Top of the 6th over - 0 runs, 0 hits, 0 errors, 1 left on base; Syracuse 5 - Indianapolis 7
BOTTOM OF THE 6TH
Indianapolis Indians batting - Pitching for Syracuse Chiefs : RHP Steve Stallings
Batting: SHB Elvis Lang 0-0: Ball
1-0: Foul Ball, location: 7LMF
1-1: Ball
2-1: Foul Ball, location: 7LMF
2-2: Strikes out swinging
Batting: RHB Benny Williams 0-0: Ball
1-0: Ball
2-0: Called Strike
2-1: Ball
3-1: Base on Balls
Batting: RHB Lance Egberts 0-0: Ball
1-0: Grounds into double play, 6-4-3 (Groundball, 6M, EV 90.6 MPH)
Bottom of the 6th over - 0 runs, 0 hits, 0 errors, 0 left on base; Syracuse 5 - Indianapolis 7
TOP OF THE 7TH
Syracuse Chiefs batting - Pitching for Indianapolis Indians : RHP César Gutiérrez
Batting: RHB Jim George 0-0: Ball
1-0: Ball
2-0: Foul Ball, location: 9LDF
2-1: Ground out 6-3 (Groundball, 6, EV 103.8 MPH)
Batting: RHB César Ortíz 0-0: Swinging Strike
0-1: Foul Ball, location: 23F
0-2: Strikes out swinging
Batting: LHB Dan Chipman 0-0: Ball
1-0: Called Strike
1-1: Ground out U3 (Groundball, 34, EV 91.9 MPH)
Top of the 7th over - 0 runs, 0 hits, 0 errors, 0 left on base; Syracuse 5 - Indianapolis 7
BOTTOM OF THE 7TH
Indianapolis Indians batting - Pitching for Syracuse Chiefs : RHP Steve Stallings
Batting: RHB Steve Jenkins 0-0: Ball
1-0: SOLO HOME RUN (Flyball, 78XD, EV 110.6 MPH), Distance : 439 ft
Batting: RHB Johnny Owen 0-0: Called Strike
0-1: Called Strike
0-2: Foul Ball, location: 25F
0-2: Foul Ball, location: 2F
0-2: Ground out 5-3 (Groundball, 56S, EV 86.3 MPH)
Batting: LHB Mal Reed 0-0: Ball
1-0: Foul Ball, location: 5DF
1-1: Ball
2-1: Foul Ball, location: 2F
2-2: Foul Ball, location: 2F
2-2: Foul Ball, location: 23F
2-2: Fly out, F3 (Popup, 3SF, EV 70.0 MPH)
Batting: RHB Mal Williamson 0-0: Called Strike
0-1: Ball
1-1: Fly out, F8 (Line Drive, 8LM, EV 100.0 MPH)
Bottom of the 7th over - 1 run, 1 hit, 0 errors, 0 left on base; Syracuse 5 - Indianapolis 8
TOP OF THE 8TH
Syracuse Chiefs batting - Pitching for Indianapolis Indians : RHP César Gutiérrez
Pitching: RHP Gil Rankin
Batting: LHB Lauro Malaparte 0-0: Called Strike
0-1: Ball
1-1: Ground out 4-3 (Groundball, 34D, EV 108.1 MPH)
Batting: SHB Jim Fullen 0-0: SOLO HOME RUN (Flyball, 9D, EV 91.3 MPH), Distance : 351 ft
Batting: SHB Juan Castro 0-0: Called Strike
0-1: Ball
1-1: Called Strike
1-2: Foul Ball, location: 25F
1-2: Foul Ball, location: 2F
1-2: Ball
2-2: Foul Ball, location: 25FF
2-2: Strikes out swinging
Batting: RHB Luis Camacho 0-0: Called Strike
0-1: Foul Ball, location: 3DF
0-2: Ball
1-2: SOLO HOME RUN (Flyball, 9LD, EV 96.9 MPH), Distance : 353 ft
Batting: LHB Bob Lester 0-0: Ball
1-0: Swinging Strike
1-1: Ball
2-1: SINGLE (Groundball, 34S, EV 81.9 MPH) (infield hit)
Pinch Hitting: LHB Al Puckett 0-0: Called Strike
0-1: Ball
1-1: Swinging Strike
1-2: Strikes out swinging
Top of the 8th over - 2 runs, 3 hits, 0 errors, 1 left on base; Syracuse 7 - Indianapolis 8
BOTTOM OF THE 8TH
Indianapolis Indians batting - Pitching for Syracuse Chiefs : RHP Steve Stallings
Now at 2B: Geoffrey Pratt
Batting: RHB César Otero 0-0: Ball
1-0: Fly out, F8 (Flyball, 8RD, EV 100.6 MPH)
Batting: LHB Jesús Benavidez 0-0: Fly out, F9 (Flyball, 9D, EV 96.9 MPH)
Batting: SHB Elvis Lang 0-0: Foul Ball, location: 7LMF
0-1: Ground out 1-3 (Groundball, 15S, EV 65.6 MPH)
Bottom of the 8th over - 0 runs, 0 hits, 0 errors, 0 left on base; Syracuse 7 - Indianapolis 8
TOP OF THE 9TH
Syracuse Chiefs batting - Pitching for Indianapolis Indians : RHP Gil Rankin
Pitching: RHP Jeremy O'Bryant
Now in LF: Tim Horton
Batting: RHB Jim George 0-0: Ball
1-0: Ball
2-0: Called Strike
2-1: Fly out, F8 (Flyball, 8LXD, EV 94.4 MPH)
Batting: RHB César Ortíz 0-0: SINGLE (Flyball, 9LD, EV 108.1 MPH)
Batting: LHB Dan Chipman 0-0: Swinging Strike
0-1: Called Strike
0-2: Ball
1-2: Strikes out looking
Batting: LHB Lauro Malaparte 0-0: Ball
1-0: Ground out 4-3 (Groundball, 34S, EV 82.5 MPH)
Top of the 9th over - 0 runs, 1 hit, 0 errors, 1 left on base; Syracuse 7 - Indianapolis 8
Monday, April 1st , 2024 - OOTP Baseball 24.10 Build 82